 Dungeon Crawl Stone Soup version 0.30-a0-1053-gbd8d5ba0ad (webtiles) character file.

Game seed: 14709561391493287584

259 Darkkill the Shooter (level 5, -6/46 HPs)
             Began as a Minotaur Hunter on Apr 11, 2023.
             Mangled by an iguana (8 damage)
             ... on level 4 of the Dungeon.
             The game lasted 00:04:23 (2377 turns).

Darkkill the Shooter (Minotaur Hunter)              Turns: 2377, Time: 00:04:23

Health: -6/46      AC:  5    Str: 15    XL:     5   Next: 94%
Magic:  4/4        EV: 13    Int:  6    God:
Gold:   1501       SH:  0    Dex: 16    Spells: 4/4 levels left

rFire   . . .      SeeInvis .    a - +1 shortbow
rCold   . . .      Faith    .    (shield currently unavailable)
rNeg    . . .      Spirit   .    c - +0 leather armour
rPois   .          Reflect  .    (helmet restricted)
rElec   .          Rampage  .    s - +1 cloak
rCorr   .                        (no gloves)
Will    .....                    (no boots)
Stlth   ++                       (no amulet)
HPRegen 0.27/turn                (no ring)
MPRegen 0.09/turn                (no ring)

@: no status effects
A: horns 2, retaliatory headbutt
a: no special abilities


You were on level 4 of the Dungeon.
You visited 1 branch of the dungeon, and saw 4 of its levels.

You collected 1501 gold pieces.

Inventory:

Hand Weapons
 a - a +1 shortbow (weapon)
 b - the +8 dagger "Jaujuomov" {freeze, rCorr Int+3 Dex-2}
   (You found it on level 2 of the Dungeon)

   Int:       It affects your intelligence (+3).
   Dex:       It affects your dexterity (-2).
   rCorr:     It protects you from acid and corrosion.
Missiles
 d - 46 stones
 m - 6 poisoned darts
 r - a throwing net {=f !f}
Armour
 c - a +0 leather armour (worn)
 s - a +1 cloak (worn)
Scrolls
 n - a scroll of immolation
 o - a scroll of enchant armour
Potions
 e - 3 potions of brilliance
 f - 4 potions of invisibility
 g - 2 potions of curing {unknown}
 i - a potion of mutation {unknown}
 j - 2 potions of magic {unknown}
 k - a potion of ambrosia {unknown}
 l - a potion of haste {unknown}
 q - a potion of might {unknown}


   Skills:
 + Level 4.2 Fighting
 + Level 5.4 Ranged Weapons
 + Level 3.9 Dodging
 + Level 2.7 Stealth


You had 4 spell levels left.
You didn't know any spells.
Your spell library contained the following spells:

 Spells                   Type           Power      Damage    Failure   Level
 Sandblast                Erth           0%         2d4       52%         1
 Summon Small Mammal      Summ           0%         N/A       52%         1
 Passwall                 Tmut/Erth      0%         N/A       67%         2
 Call Canine Familiar     Summ           0%         N/A       88%         3
 Stone Arrow              Conj/Erth      0%         3d7       88%         3
 Summon Guardian Golem    Hex/Summ       0%         N/A       88%         3


Dungeon Overview and Level Annotations

Branches:
Dungeon (4/15)
 Temple: D:4-7

Altars:
Vehumet


Innate Abilities, Weirdness & Mutations

You have a pair of horns on your head.
You reflexively headbutt those who attack you in melee.


Message History

You kill the goblin!
The ogre shouts!
You hear a bark!
You hear an angry hiss. x2
You shoot an arrow. The arrow hits the ogre.
The ogre is lightly wounded.
An ogre is nearby!
An ogre is nearby!
You shoot an arrow. The arrow hits the ogre.
The ogre is moderately wounded.
An ogre is nearby!
You shoot an arrow. The arrow barely misses the ogre.
You hear a bark!
A hound comes into view.
The ogre hits you with a +0 giant spiked club!
You shoot an arrow. The arrow closely misses the ogre.
The ogre hits you with a +0 giant spiked club!!
You are too injured to fight recklessly!
You are too injured to fight recklessly!
Okay, then.
This is a scroll of acquirement!
Something appears at your feet!
You now have 1501 gold pieces (gained 1326).
An iguana comes into view.
The ogre misses you. The ogre attacks as you move away!
The ogre barely misses you. You furiously retaliate!
You headbutt the ogre. The ogre attacks as you move away!
The ogre hits you with a +0 giant spiked club!
* * * LOW HITPOINT WARNING * * *
The ogre hits you with a +0 giant spiked club.
* * * LOW HITPOINT WARNING * * *
Fire: a) +1 shortbow
Press: ? - help, Q - select action, (/) - cycle Shift-Dir - straight line, f/p - ogre
Aim: an ogre, wielding a +0 giant spiked club (lightly wounded, 77% to hit)
You shoot an arrow. The arrow barely misses the ogre.
The arrow misses the hound.
The arrow hits the iguana.
The iguana is lightly wounded.
Fire: a) +1 shortbow
Press: ? - help, Q - select action, (/) - cycle Shift-Dir - straight line, f/p - ogre
Aim: an ogre, wielding a +0 giant spiked club (lightly wounded, 77% to hit)
You shoot an arrow. The arrow barely misses the ogre.
The arrow hits the hound.
The hound is lightly wounded.
The ogre closely misses you.
Fire: a) +1 shortbow
Press: ? - help, Q - select action, (/) - cycle Shift-Dir - straight line, f/p - ogre
Aim: an ogre, wielding a +0 giant spiked club (lightly wounded, 77% to hit)
You shoot an arrow. The arrow barely misses the ogre.
The arrow hits the hound!
The hound is severely wounded.
The ogre closely misses you.
Fire: a) +1 shortbow
Press: ? - help, Q - select action, (/) - cycle Shift-Dir - straight line, f/p - ogre
Aim: an ogre, wielding a +0 giant spiked club (lightly wounded, 77% to hit)
You shoot an arrow. The arrow barely misses the ogre.
The arrow hits the hound.
The hound is almost dead.
The ogre hits you but does no damage.
Fire: a) +1 shortbow
Press: ? - help, Q - select action, (/) - cycle Shift-Dir - straight line, f/p - ogre
Aim: an ogre, wielding a +0 giant spiked club (lightly wounded, 77% to hit)
You shoot an arrow. The arrow hits the ogre.
The ogre is heavily wounded.
The ogre misses you. You furiously retaliate!
You headbutt the ogre.
Fire: a) +1 shortbow
Press: ? - help, Q - select action, (/) - cycle Shift-Dir - straight line, f/p - ogre
Aim: an ogre, wielding a +0 giant spiked club (heavily wounded, 77% to hit)
You shoot an arrow. The arrow hits the ogre.
The ogre is heavily wounded.
The ogre barely misses you. You furiously retaliate!
You headbutt the ogre!
You kill the ogre!
Your Fighting skill increases to level 4!
Fire: a) +1 shortbow
Press: ? - help, Q - select action, (/) - cycle Shift-Dir - straight line, f - hound
Aim: a hound (almost dead, 56% to hit)
You shoot an arrow. The arrow hits the hound.
You kill the hound!
Fire: a) +1 shortbow
Press: ? - help, Q - select action, (/) - cycle Shift-Dir - straight line, f - iguana
Aim: an iguana (lightly wounded, 69% to hit)
You shoot an arrow. The arrow hits the iguana.
The iguana is moderately wounded.
Fire: a) +1 shortbow
Press: ? - help, Q - select action, (/) - cycle Shift-Dir - straight line, f/p - iguana
Aim: an iguana (moderately wounded, 69% to hit)
You shoot an arrow. The arrow barely misses the iguana.
The iguana misses you.
Fire: a) +1 shortbow
Press: ? - help, Q - select action, (/) - cycle Shift-Dir - straight line, f/p - iguana
Aim: an iguana (moderately wounded, 69% to hit)
You shoot an arrow.
The arrow hits the iguana but does no damage.
The iguana is moderately wounded.
The iguana bites you!
* * * LOW HITPOINT WARNING * * *
The iguana barely misses you.
Fire: a) +1 shortbow
Press: ? - help, Q - select action, (/) - cycle Shift-Dir - straight line, f/p - iguana
Aim: an iguana (moderately wounded, 69% to hit)
You shoot an arrow. The arrow hits the iguana!
The iguana is severely wounded.
The iguana bites you!
You die...

#.# #.# #.# #.#
#.# #.# # #†# #
#.# ###l#
#####.# #..@#
....... #.###
..)..)# #.#
...##.# #.#
##.##.# ######.#
#.##.# #......#
##.##.###.######
..........#
##.########


You could see an iguana.

Vanquished Creatures
  2 ogres (D:4)
  A hound (D:4)
  An adder (D:4)
  2 dart slugs
  5 orcs (D:4)
  8 endoplasms
  2 giant cockroaches
  4 goblins
  3 hobgoblins
  2 jackals (D:1)
  2 quokkas
  2 bats
  4 frilled lizards (D:1)
  5 kobolds
  5 rats
48 creatures vanquished.

Notes
Turn   | Place    | Note
-------+----------+-------------------------------------------
     0 | D:1      | Darkkill the Minotaur Hunter began the quest for the Orb.
     0 | D:1      | Reached XP level 1. HP: 18/18 MP: 0/0
    77 | D:1      | Reached skill level 1 in Stealth
   102 | D:1      | Reached XP level 2. HP: 23/25 MP: 1/1
   904 | D:2      | Reached XP level 3. HP: 31/31 MP: 2/2
  1053 | D:2      | Found a faded altar of an unknown god.
  1058 | D:2      | Identified the +8 dagger "Jaujuomov" {freeze, rCorr Int+3
                  | Dex-2}
  1935 | D:3      | Found a radiant altar of Vehumet.
  2051 | D:4      | Noticed an ogre
  2109 | D:4      | Killed an ogre
  2110 | D:4      | Reached skill level 5 in Ranged Weapons
  2110 | D:4      | Reached XP level 4. HP: 32/40 MP: 3/3
  2178 | D:4      | Reached XP level 5. HP: 46/46 MP: 4/4
  2337 | D:4      | Noticed an ogre
  2343 | D:4      | Identified a scroll of acquirement
  2343 | D:4      | Acquired 1326 gold pieces
  2353 | D:4      | HP: 7/46 [ogre/+0 giant spiked club (10)]
  2372 | D:4      | Killed an ogre
  2376 | D:4      | HP: 1/46 [iguana (10)]
  2377 | D:4      | Mangled by an iguana

Illustrated notes

Levels and vault maps discovered:
D:1:      dpeg_arrival_arbitrary_c, layout_basic,
          hangedman_decor_clover_reticule, chequers_serial_rivers_micro_e,
          minmay_octomino_e4
D:2:      layout_basic, hellmonk_ecumenical_altar_inner_sanctum,
          eino_tiny_chamber
D:3:      layout_basic, mainiacjoe_overflow_paths,
          chequers_serial_rivers_small_b
D:4:      layout_loops_ring, uniq_crazy_yiuf_cottage

Skill      XL: |  1  2  3  4  5 |
---------------+----------------+-----
Stealth        | 1 2 |  2.7
Fighting       | 3 4 |  4.2
Ranged Weapons | 5 |  5.4
Dodging        | 3 |  3.9

Action                     |  1- 3 |  4- 6 || total
---------------------------+-------+-------++-------
   Fire: Shortbow          |    92 |    41 ||   133
    Use: Scroll            |     7 |     1 ||     8
 Armour: Leather armour    |     7 |     9 ||    16
  Dodge: Dodged            |    25 |    20 ||    45

Table legend: (Time is in decaauts)
 A = Elapsed time spent in this place.
 B = Non-inter-level travel time spent in this place.
 C = Inter-level travel time spent in this place.
 D = Time resting spent in this place.
 E = Time spent auto-exploring this place.
 F = Levels seen in this place.
 G = Mean time per level.
                   A        B        C        D        E       F      G
               +--------+--------+--------+--------+--------+-----+--------+
         Total |   2416 |   2326 |     90 |      0 |   1959 |   4 |  604.0 |
       Dungeon |   2416 |   2326 |     90 |      0 |   1959 |   4 |  604.0 |
               +--------+--------+--------+--------+--------+-----+--------+

Top non-repeatable levels by time:
     D:3: 816 daAuts
     D:1: 707 daAuts
     D:2: 591 daAuts
     D:4: 300 daAuts

Table legend:
 A = Kills in this place as a percentage of kills in the entire game.
 B = Kills by you in this place as a percentage of kills by you in the entire game.
 C = Kills by friends in this place as a percentage of kills by friends in the entire game.
 D = Other kills in this place as a percentage of other kills in the entire game.
 E = Experience gained in this place as a percentage of experience gained in the entire game.
 F = Experience gained in this place divided by the number of levels of this place that you have seen.
                   A       B       C       D       E      F
               +-------+-------+-------+-------+-------+----------------------
         Total | 100.0 | 100.0 |   N/A |   N/A | 100.0 |  92.5
       Dungeon | 100.0 | 100.0 |   N/A |   N/A | 100.0 |  92.5
               +-------+-------+-------+-------+-------+----------------------
